 Dungeon Crawl Stone Soup version 0.14-a0-848-g57a047c (webtiles) character file.

1642 4tharraofdagon the Cleaver (level 8, 42/72 HPs)
             Began as a Deep Dwarf Gladiator on Nov 14, 2013.
             Quit the game on Level 9 of the Dungeon on Nov 15, 2013.
             The game lasted 00:10:50 (1892 turns).

4tharraofdagon the Cleaver (Deep Dwarf Gladiator)   Turns: 1892, Time: 00:10:50

HP  42/72        AC 14     Str 21      XL: 8   Next: 59%
MP  12/12        EV 10     Int  9      God:
Gold 70          SH  0     Dex 13      Spells:  0 memorised,  7 levels left

Res.Fire  : . . .   See Invis. : .   w - -1,+1 orc hand axe
Res.Cold  : . . .   Warding    : .   i - +2 chain mail
Life Prot.: . . .   Conserve   : .   (no shield)
Res.Poison: .       Res.Corr.  : .   c - +0 dwarf helmet
Res.Elec. : .       Clarity    : .   (no cloak)
Sust.Abil.: . .     Spirit.Shd : .   (no gloves)
Res.Mut.  : .       Stasis     : .   B - +0 pair of boots
Res.Rott. : .       Flight     : .   (no amulet)
Saprovore : . . .                    l - +3 ring of evasion
                                     u - ring of sustenance

@: non-regenerating, somewhat resistant to hostile enchantments, extremely
unstealthy
A: damage resistance, recharge devices, sense surroundings 1, slow healing 3
a: Device Recharging


You were on level 9 of the Dungeon.
You were very hungry.

You visited 2 branches of the dungeon, and saw 11 of its levels.

You collected 70 gold pieces.

Inventory:

Hand weapons
 a - a +0,+0 dwarven hand axe
 w - a -1,+1 orcish hand axe (weapon)
Missiles
 d - 3 throwing nets (quivered)
 n - a throwing net [frayed]
Armour
 b - a +0 leather armour
 c - a +0 dwarven helmet (worn)
 i - a +2 chain mail (worn)
 k - a +0 ring mail
 B - a +0 pair of boots (worn)
Magical devices
 e - a wand of heal wounds (2)
 r - a wand of fireball (0)
 x - a wand of fireball (2)
 z - a wand of draining (0)
Comestibles
 f - 6 bread rations
 s - a meat ration
Scrolls
 g - a scroll of recharging {unknown}
 j - 4 scrolls of fog {unknown}
 m - a scroll of enchant weapon I {unknown}
 p - a scroll of fear {unknown}
 q - a scroll of identify {unknown}
 y - 2 scrolls of noise {unknown}
 C - a scroll of acquirement {unknown}
 D - a scroll of silence {unknown}
Jewellery
 h - an uncursed ring of sustain abilities {unknown}
 l - a +3 ring of evasion (right hand)
 u - a ring of sustenance (left hand)
Potions
 o - 2 potions of speed
 t - a potion of agility {unknown}
 A - a potion of brilliance {unknown}
Books
 v - a book of Cantrips

   Spells                             Type                      Level
   Confusing Touch                    Hexes                        1
   Animate Skeleton                   Necromancy                   1
   Summon Small Mammal                Summoning                    1
   Apportation                        Translocation                1


   Skills:
 + Level 4.6 Fighting
 * Level 8.3 Axes
 - Level 1.7 Throwing
 + Level 5.1 Armour
 - Level 3.2 Dodging
 + Level 6.3 Evocations


You had 7 spell levels left.
You didn't know any spells.

Dungeon Overview and Level Annotations

Branches:
Dungeon (10/16)            Temple (1/1) D:6
    Orc: D:6-11        Lair: D:8-13

Altars:
Ashenzari
Cheibriados
Elyvilon
Fedhas
Kikubaaqudgha
Nemelex Xobeh
Okawaru
Trog
Vehumet
Xom
Zin
the Shining One
Lugonu

Shops:
D:6 =

Annotations:
D:6 Eustachio


Innate Abilities, Weirdness & Mutations

You are resistant to damage.
You can recharge devices by infusing magical energy.
You passively map a small area around you.
You do not heal naturally.


Message History

There are no items here.
A gnoll comes into view. It is wielding a spear.
The gnoll shouts!
A gnoll and a gnoll sergeant come into view.
The gnoll sergeant shouts!
The gnoll shouts!
A gnoll comes into view. It is wielding a flail.
The gnoll shouts!
The gnoll barely misses you.
A sky beast and a gnoll come into view.
The gnoll sergeant hits you but does no damage.
The gnoll hits you but does no damage.
You closely miss the gnoll. The gnoll sergeant barely misses you.
The gnoll barely misses you.
You hit the gnoll.
The gnoll is lightly wounded.
The gnoll sergeant hits you but does no damage.
The gnoll hits you but does no damage.
Evoke which item? (* to show all) (? for menu, Esc to quit)
Okay, then.
Are you sure you want to abandon this character and quit the game? (Confirm with "yes".)

, ***
#..
,,,
... ,
* #..
, * ,
.I.
#g# ,
#g#
#g# ,
*#g# .
, ,
#@#*.#
* #.#
.# #.#
.# *
#.##.#
, *
#.#..#
*
#.#.#
#...#
, *
###.#
, ,
#.#


You could see a sky beast, a gnoll sergeant and 3 gnolls.

Vanquished Creatures
  Grinder (D:6)
  A hippogriff (D:6)
  An orc warrior (D:7)
  An ogre (D:7)
  A centaur (D:7)
  4 giant frogs
  2 crimson imps
  A goliath beetle (D:6)
  2 giant frog skeletons
  2 orc priests (D:4)
  2 hounds
  A gnoll shaman (D:6)
  2 orc wizards (D:4)
  2 scorpions (D:7)
  4 worker ants
  7 gnolls
  A giant mite (D:6)
  An inept feature mimic (D:7)
  4 adders
  3 giant geckos
  11 orcs
  2 giant cockroaches
  A giant mite zombie (D:6)
  A goblin (D:5)
  4 hobgoblins
  5 jackals
  5 kobolds
  5 ball pythons
  4 bats
  3 giant newts
  A hobgoblin skeleton (D:4)
  6 rats
  A rat zombie (D:7)
92 creatures vanquished.

Vanquished Creatures (others)
  An orc wizard (D:4)
1 creature vanquished.

Grand Total: 93 creatures vanquished

Notes
Turn   | Place    | Note
--------------------------------------------------------------
     0 | D:1      | 4tharraofdagon, the Deep Dwarf Gladiator, began the quest for the Orb.
     0 | D:1      | Reached XP level 1. HP: 20/20 MP: 0/0
   102 | D:2      | Reached XP level 2. HP: 18/27 MP: 1/1
   191 | D:2      | Reached skill level 4 in Axes
   319 | D:5      | Entered Level 5 of the Dungeon
   336 | D:5      | Reached skill level 1 in Armour
   336 | D:5      | Reached skill level 1 in Evocations
   336 | D:5      | Reached XP level 3. HP: 14/33 MP: 2/2
   358 | D:5      | Found a shimmering altar of Xom.
   361 | D:5      | Noticed an angel
   365 | D:5      | Found a glowing silver altar of Zin.
   452 | D:5      | Reached XP level 4. HP: 29/42 MP: 4/4
   563 | D:7      | Reached skill level 5 in Axes
   563 | D:7      | Reached XP level 5. HP: 30/48 MP: 5/5
   573 | D:7      | Noticed a centaur
   588 | D:7      | Killed a centaur
   609 | D:7      | Noticed a giant frog
   621 | D:7      | Killed a giant frog
   621 | D:7      | Reached XP level 6. HP: 24/56 MP: 8/8
   624 | D:7      | Noticed an orc warrior
   660 | D:7      | Killed an orc warrior
   675 | D:7      | Noticed an ogre
   717 | D:7      | Reached skill level 6 in Axes
   727 | D:7      | Killed an ogre
   734 | D:7      | Reached XP level 7. HP: 26/62 MP: 6/8
   839 | D:7      | Found Vihuyrueph's Distillery.
   868 | D:7      | Vihuyrueph's Distillery was a mimic.
   879 | D:7      | Noticed an orc warrior
   952 | D:6      | Found Stoux's Jewellery Boutique.
  1020 | D:6      | Noticed Grinder
  1084 | D:6      | Killed Grinder
  1084 | D:6      | Reached skill level 7 in Axes
  1084 | D:6      | Reached skill level 5 in Evocations
  1102 | D:6      | Noticed Eustachio
  1260 | D:4      | Reached XP level 8. HP: 38/72 MP: 11/11
  1311 | D:4      | Found an ancient bone altar of Kikubaaqudgha.
  1408 | D:5      | Found a snail-covered altar of Cheibriados.
  1438 | D:6      | Noticed a hippogriff
  1452 | D:6      | Killed a hippogriff
  1479 | D:6      | Found a staircase to the Ecumenical Temple.
  1492 | D:6      | Reached skill level 8 in Axes
  1524 | Temple   | Entered the Ecumenical Temple
  1612 | D:7      | Found a white marble altar of Elyvilon.
  1657 | D:8      | Reached skill level 5 in Armour
  1688 | D:8      | Found a bloodstained altar of Trog.
  1802 | D:10     | Entered Level 10 of the Dungeon
  1892 | D:9      | Quit the game

Action                   |  1- 3 |  4- 6 |  7- 9 || total
-------------------------+-------+-------+-------++-------
Melee: Hand axe          |    85 |    59 |   258 ||   402
 Abil: Device Recharging |       |     2 |     1 ||     3
Evoke: Wand              |     2 |    10 |    12 ||    24
  Use: Potion            |     2 |     1 |     2 ||     5
 Stab: Held in net/web   |       |       |     1 ||     1
